 Dungeon Crawl Stone Soup version 0.31-a0-963-ga325b2283a (webtiles) character file.

Game seed: 10988692334716341348

822 gelatine the Stinger (level 7, 0/45 HPs)
             Began as an Octopode Venom Mage on Oct 24, 2023.
             Slain by an ufetubus (5 damage)
             ... on level 5 of the Dungeon.
             The game lasted 00:13:48 (4706 turns).

gelatine the Stinger (Octopode Venom Mage)          Turns: 4706, Time: 00:13:48

Health: 0/45       AC:  1    Str:  8    XL:     7   Next: 95%
Magic:  11/12      EV: 13    Int: 19    God:
Gold:   191        SH:  0    Dex: 12    Spells: 3/13 levels left

rFire   . . .        n - +3 quarterstaff (chaos)
rCold   . . .        (shield currently unavailable)
rNeg    . . .        (helmet restricted)
rPois   .            (no amulet)
rElec   .            (no ring)
rCorr   .            (no ring)
SInv    .            (no ring)
Will    .....        (no ring)
Stlth   ++++         (no ring)
HPRegen 0.27/turn    (no ring)
MPRegen 0.13/turn    (no ring)
                     (no ring)

%: no passive effects
@: no status effects
A: almost no armour, amphibious, 8 rings, camouflage 1, gelatinous body 1,
(nimble swimmer 1), tentacles
a: no special abilities


You were on level 5 of the Dungeon.
You visited 1 branch of the dungeon, and saw 5 of its levels.

You collected 191 gold pieces.

Inventory:

Hand Weapons
 e - a +2 vampiric whip
 k - a +2 dagger of protection
 n - a +3 quarterstaff of chaos (weapon)
Magical Staves
 b - a staff of fire
Talismans
 j - a flux talisman
Wands
 r - a wand of flame (24)
Scrolls
 f - a scroll of silence
 h - a scroll of butterflies {unknown}
 i - 2 scrolls of teleportation {unknown}
 m - a scroll of enchant weapon {unknown}
 q - a scroll of amnesia {unknown}
 s - a scroll of blinking {unknown}
 t - a scroll of vulnerability {unknown}
Potions
 a - a potion of magic
 c - a potion of enlightenment
 d - a potion of mutation
 g - 2 potions of haste
 l - 2 potions of ambrosia
 o - a potion of berserk rage
 p - a potion of brilliance


   Skills:
 * Level 2.2 Fighting
 + Level 0.2 Short Blades
 + Level 2.2 Staves
 * Level 3.2 Dodging
 * Level 4.4 Stealth
 + Level 0.2 Unarmed Combat
 * Level 3.6 Spellcasting
 * Level 1.9 Conjurations
 * Level 3.0 Transmutations
 + Level 0.5 Fire Magic
 * Level 1.9 Air Magic
 * Level 5.4 Poison Magic
 + Level 1.1 Evocations


You had 3 spell levels left.
You knew the following spells:

 Your Spells              Type           Power      Damage    Failure   Level
a - Sting                 Tmut/Pois      76%        1d6       2%          1
b - Poisonous Vapours     Pois/Air       34%        N/A       4%          2
c - Mephitic Cloud        Conj/Pois/Air  15%        N/A       12%         3
d - Olgreb's Toxic Radia  Pois           24%        N/A       16%         4

Your spell library contained the following spells:

 Spells                   Type           Power      Damage    Failure   Level
 Ozocubu's Armour         Ice            3%         N/A       38%         3
 Ozocubu's Refrigeration  Ice            1%         4d7       100%        7


Dungeon Overview and Level Annotations

Branches:
Dungeon (5/15)
 Temple: D:4-7

Altars:
Dithmenos
Sif Muna

Shops:
D:1 ([?[(


Innate Abilities, Weirdness & Mutations

You cannot wear most types of armour.
You are amphibious.
You can wear up to eight rings at the same time.
Your skin changes colour to match your surroundings (Stealth+).
Your rubbery body absorbs attacks. (AC +1, EV +1)
((You are camouflaged when in or above water. (Stealth+)))
You have tentacles for arms and can constrict up to eight enemies at once.


Message History

The centaur shoots an arrow.
The arrow hits you!
The centaur shoots an arrow.
The arrow completely misses you.
You climb upwards.
There is a stone staircase leading down here.
Your magical contamination has completely faded away.
Magic restored.
HP restored.
Done exploring.
You see here a +0 falchion.
There is an open door here.
There is a stone staircase leading down here.
You climb downwards.
Found a scale mail, 2 scrolls of identify and 13 gold pieces.
There is a stone staircase leading up here.
The sting hits the orc but does no damage.
The orc is poisoned.
The ufetubus shouts!
You hit the orc.
The orc looks even sicker.
You grab the orc.
The orc is moderately wounded.
You constrict the orc, but do no damage.
The orc barely misses you.
You hit the orc. You freeze the orc.
You kill the orc!
The ufetubus slips past you! The ufetubus misses you.
The ufetubus barely misses you. The ufetubus closely misses you.
The ufetubus barely misses you.
You closely miss the ufetubus. Your grab misses the ufetubus.
The ufetubus barely misses you. x2; The ufetubus hits you. x2
The centaur shoots an arrow.
The arrow hits you! The iguana bites you!
The ufetubus barely misses you. x2; The ufetubus completely misses you.
The ufetubus closely misses you.
The centaur shoots an arrow.
The arrow hits you!
* * * LOW HITPOINT WARNING * * *
You hear an angry hiss.
The ufetubus hits you.
* * * LOW HITPOINT WARNING * * *
The ufetubus hits you.
* * * LOW HITPOINT WARNING * * *
The ufetubus hits you.
You die... ... .?.......♣ PPP..#..##......... .....#.#.#....♣.... .............?.$$.. ..................♣ PPP..............

[
P.P.........l.♣...♣
♣♣P.....#.5@5......
PP......###)..♣...♣
....l....<....... .
....##>..c....♣....
#.c ##...#........
# c....##......♣
..#.... ..... .
...##.......♣...
... ....... . .


You could see a centaur, an iguana and 2 ufetubi.

Vanquished Creatures
  Eustachio (D:4)
  A phantom (D:5)
  5 killer bees (D:4)
  A howler monkey (D:4)
  2 orc priests
  Crazy Yiuf (D:2)
  3 iguanas (D:4)
  2 orc wizards (D:4)
  3 gnolls (D:4)
  3 adders
  2 dart slugs
  8 orcs
  9 bats
  3 endoplasms
  3 giant cockroaches
  9 goblins
  6 hobgoblins
  4 kobolds
  2 quokkas
  7 ball pythons
  3 frilled lizards
  4 rats
82 creatures vanquished.

Notes
Turn   | Place    | Note
-------+----------+-------------------------------------------
     0 | D:1      | gelatine the Octopode Venom Mage began the quest for the
                  | Orb.
     0 | D:1      | Reached XP level 1. HP: 11/11 MP: 3/3
   212 | D:1      | Found Pitseaz's Magic Scroll Emporium.
   213 | D:1      | Found Foippoas's Armour Emporium.
   220 | D:1      | Reached XP level 2. HP: 3/17 MP: 0/5
   309 | D:1      | Found Renecuis's Antique Weapon Emporium.
   653 | D:1      | Found Vamaown's Armour Shop.
   911 | D:1      | Found Tuorphub's Antique Weapon Shoppe.
  1103 | D:2      | Reached XP level 3. HP: 22/22 MP: 0/6
  1201 | D:2      | Reached skill level 4 in Poison Magic
  1696 | D:2      | Reached skill level 1 in Evocations
  1696 | D:2      | Reached XP level 4. HP: 10/27 MP: 0/7
  2161 | D:2      | Found a runed translucent door.
  2162 | D:2      | Noticed Crazy Yiuf
  2172 | D:2      | Learned a level 2 spell: Poisonous Vapours
  2176 | D:2      | Learned a level 3 spell: Mephitic Cloud
  2188 | D:2      | Killed Crazy Yiuf
  2189 | D:2      | Reached XP level 5. HP: 32/32 MP: 0/8
  2762 | D:3      | Found a shadowy altar of Dithmenos.
  2904 | D:3      | Reached skill level 1 in Fighting
  3677 | D:4      | Noticed Eustachio
  3682 | D:4      | Reached skill level 1 in Staves
  3699 | D:4      | Reached XP level 6. HP: 32/38 MP: 1/10
  3937 | D:4      | Killed Eustachio
  3938 | D:4      | Reached skill level 1 in Conjurations
  3938 | D:4      | Reached skill level 1 in Air Magic
  3938 | D:4      | Reached skill level 5 in Poison Magic
  3938 | D:4      | Reached XP level 7. HP: 37/44 MP: 8/11
  4045 | D:4      | HP: 2/44 [killer bee (8)]
  4138 | D:4      | Found a shimmering blue altar of Sif Muna.
  4460 | D:4      | Learned a level 4 spell: Olgreb's Toxic Radiance
  4576 | D:5      | Entered Level 5 of the Dungeon
  4706 | D:5      | Slain by an ufetubus

Illustrated notes

Levels and vault maps discovered:
D:1:      giann_bridges, layout_basic, serial_shops, nicolae_shop_trees, shop,
          nicolae_shop_trees, shop, shop, amcnicky_mini_rare_corridor_liquid
D:2:      layout_loops_ring, corexii_hall_statues_i, uniq_crazy_yiuf_cottage
D:3:      layout_loops_ring, nicolae_overflow_crystal_walls,
          hangedman_feature_mirror, chequers_decorated_corner,
          roderic_serpentine_path, dreamdust_princess_corridor
D:4:      layout_basic, mainiacjoe_overflow_24_doors, uniq_eustachio
D:5:      layout_cave_pools, grunt_gozag_statues, serial_park,
          serial_park_avenue1, serial_park_square2, serial_park_tiny_2,
          serial_park_square1 [serial_park_minivault_5x5_8], serial_park_square3
          [serial_park_minivault_5x5_6], serial_shops,
          nicolae_shop_overgrown_old_shop, grunt_ministairs_3, uniq_grinder

Skill      XL: |  1  2  3  4  5  6  7 |
---------------+----------------------+-----
Poison Magic   | 4 5 |  5.4
Stealth        | 3 4 |  4.4
Evocations     | 1 |  1.1
Transmutations | 2 3 |  3.0
Fighting       | 1 2 |  2.2
Staves         | 1 2 |  2.2
Spellcasting   | 3 |  3.6
Conjurations   | 1 |  1.9
Air Magic      | 1 |  1.9
Dodging        | 3 |  3.2
Short Blades   | |  0.2
Unarmed Combat | |  0.2
Fire Magic     | |  0.5

Action                     |  1- 3 |  4- 6 |  7- 9 || total
---------------------------+-------+-------+-------++-------
  Melee: Unarmed           |     3 |       |       ||     3
         Staff             |    39 |     3 |       ||    42
         Constrict         |    13 |    17 |     5 ||    35
         Tentacles         |     4 |    18 |     3 ||    25
         Dagger            |       |    34 |       ||    34
         Quarterstaff      |       |    35 |    20 ||    55
         Punch             |       |     1 |     1 ||     2
   Cast: Sting             |    42 |    40 |    11 ||    93
         Poisonous Vapours |       |    17 |     3 ||    20
         Mephitic Cloud    |       |     3 |     3 ||     6
    Use: Scroll            |       |     9 |       ||     9
         Potion            |       |       |     4 ||     4
   Stab: Sleeping          |     3 |       |     1 ||     4
         Confused          |       |     1 |     1 ||     2
 Armour: Skin              |    21 |    18 |    22 ||    61
  Dodge: Dodged            |    27 |    26 |    37 ||    90

Table legend: (Time is in decaauts)
 A = Elapsed time spent in this place.
 B = Non-inter-level travel time spent in this place.
 C = Inter-level travel time spent in this place.
 D = Time resting spent in this place.
 E = Time spent auto-exploring this place.
 F = Levels seen in this place.
 G = Mean time per level.
                   A        B        C        D        E       F      G
               +--------+--------+--------+--------+--------+-----+--------+
         Total |   4724 |   4557 |    167 |      0 |   3851 |   5 |  944.8 |
       Dungeon |   4724 |   4557 |    167 |      0 |   3851 |   5 |  944.8 |
               +--------+--------+--------+--------+--------+-----+--------+

Top non-repeatable levels by time:
     D:4: 1362 daAuts
     D:2: 1331 daAuts
     D:1: 1006 daAuts
     D:3: 1002 daAuts
     D:5: 21 daAuts
